 Dungeon Crawl Stone Soup version 0.29-a0-322-g68df515428 (webtiles) character file.

Game seed: 11057476154168405075

112 Morbidden the Ruffian (level 4, -2/40 HPs)
             Began as a Troll Fighter on Apr 8, 2022.
             Was an Initiate of Cheibriados.
             Slain by a gnoll
             ... wielding a +0 spear
              (7 damage)
             ... on level 4 of the Dungeon.
             The game lasted 00:02:28 (2589 turns).

Morbidden the Ruffian (Troll Fighter)               Turns: 2589, Time: 00:02:28

Health: -2/40      AC:  4    Str: 27    XL:     4   Next: 63%
Magic:  3/3        EV: 10    Int:  5    God:    Cheibriados [......]
Gold:   243        SH:  0    Dex: 10    Spells: 3/3 levels left

rFire   . . .      SeeInvis +     - Unarmed
rCold   . . .      Faith    .   (no shield)
rNeg    + . .      Spirit   .   a - +0 robe
rPois   +          Reflect  .   (helmet restricted)
rElec   .          Harm     .   (no cloak)
rCorr   .          Rampage  .   (gloves unavailable)
Will    ++...      Clarity  +   (boots unavailable)
Stlth   +.........              (no amulet)
HPRegen 0.93/turn               j - ring of Dailia {rPois rN+ Will+ SInv}
MPRegen 0.08/turn               l - ring of willpower

@: very slow
A: large, unfitting armour, claws 3, regeneration 1, shaggy fur 1, tough skin 1,
clarity, frail 1, MP-powered wands
a: Renounce Religion


You were on level 4 of the Dungeon.
You worshipped Cheibriados.
Cheibriados was noncommittal.
You visited 1 branch of the dungeon, and saw 4 of its levels.

You collected 243 gold pieces.

Inventory:

Missiles
 b - 4 boomerangs of dispersal
 p - a throwing net
 r - 5 boomerangs (quivered)
Armour
 a - a +0 robe (worn)
Jewellery
 j - the ring of Dailia (left claw) {rPois rN+ Will+ SInv}
   (You found it on level 2 of the Dungeon)

   [ring of willpower]

   rPois:     It protects you from poison.
   rN:        It protects you from negative energy.
   SInv:      It lets you see invisible.
   Will:      It increases your willpower.
 l - a ring of willpower (right claw)
Scrolls
 d - a scroll of blinking {unknown}
 f - a scroll of identify
 h - a scroll of teleportation {unknown}
 m - a scroll of summoning {unknown}
 n - a scroll of magic mapping {unknown}
 o - a scroll of amnesia {unknown}
 q - a scroll of immolation {unknown}
Potions
 c - 2 potions of might
 e - a potion of curing {unknown}
 g - a potion of flight
 i - a potion of mutation
 k - a potion of haste {unknown}


   Skills:
 * Level 3.0 Fighting
 * Level 0.6 Throwing
 + Level 2.7 Dodging
 + Level 0.1 Stealth
 + Level 2.7 Shields
 * Level 3.2 Unarmed Combat
 * Level 0.1 Spellcasting
 * Level 0.7 Invocations


You had 3 spell levels left.
You didn't know any spells.
Your spell library contained the following spells:

 Spells                   Type           Power      Damage    Failure   Level
 Animate Skeleton         Necr           0%         N/A       47%         1
 Apportation              Tloc           0%         N/A       47%         1
 Pain                     Necr           0%         1d4       47%         1
 Summon Small Mammal      Summ           0%         N/A       47%         1
 Stone Arrow              Conj/Erth      0%         3d7       85%         3
 Vampiric Draining        Necr           0%         2d6       85%         3
 Animate Armour           Summ/Erth      0%         N/A       99%         4
 Alistair's Intoxication  Tmut/Pois      0%         N/A       100%        5
 Lehudib's Crystal Spear  Conj/Erth      0%         10d2      100%        8


Dungeon Overview and Level Annotations

Branches:
Dungeon (4/15)
 Temple: D:4-7

Altars:
Cheibriados


Innate Abilities, Weirdness & Mutations

You are too large for most types of armour.
You have claws for hands.
Your natural rate of healing is unusually fast.
You are covered in fur. (AC +1)
You have tough skin. (AC +1)
You possess an exceptional clarity of mind.
You are frail. (-10% HP)
You expend magic power (3 MP) to strengthen your wands.


Message History

The gnoll hits you with a +0 club.
The gnoll shaman calls upon its god to heal the gnoll.
The gnoll's wounds heal themselves!
Unknown command.
Unknown command.
You scratch the iguana.
The iguana is moderately wounded.
The gnoll hits you with a +0 club.
* * * LOW HITPOINT WARNING * * *
The iguana misses you.
Unknown command.
Unknown command.
You barely miss the iguana.
The iguana is moderately wounded.
The gnoll hits you with a +0 club!
* * * LOW HITPOINT WARNING * * *
The iguana barely misses you. The gnoll closely misses you.
Unknown command.
Unknown command.
You claw the gnoll!
You kill the gnoll!
Cheibriados appreciates the change of pace.
The gnoll barely misses you. The iguana barely misses you.
Unknown command.
Unknown command.
You scratch the gnoll shaman.
The gnoll shaman is lightly wounded.
The gnoll hits you but does no damage. The gnoll shaman barely misses you.
The iguana barely misses you.
Unknown command.
Unknown command.
Unknown command.
You aren't carrying any items that you can evoke.
Unknown command.
As you read the scroll labelled TUTTIG ZOOGO, it crumbles to dust.
It is a scroll of identify.
g - a potion of flight The gnoll hits you but does no damage.
The gnoll hits you from afar with a +0 spear!
You die...

#######
#.....#######
+...).#.....#
#.....'.....#
#....<#.....#
#.....#.l...#
#.....#.g@..#
#.....#g#####
#........!..#
#.....).....#
###.........#
#.........#
#...P......#
#..P.......#
............#


You could see a gnoll shaman, an iguana and a gnoll (fast).

Vanquished Creatures
  3 gnolls (D:4)
  3 adders
  3 orcs (D:4)
  8 endoplasms
  3 giant cockroaches
  4 goblins
  6 hobgoblins
  A quokka (D:1)
  5 ball pythons
  3 bats (D:1)
  A frilled lizard (D:3)
  5 kobolds (D:1)
  5 rats
50 creatures vanquished.

Notes
Turn   | Place    | Note
-------+----------+-------------------------------------------
     0 | D:1      | Morbidden the Troll Fighter began the quest for the Orb.
     0 | D:1      | Reached XP level 1. HP: 22/22 MP: 0/0
   112 | D:1      | Reached XP level 2. HP: 29/29 MP: 1/1
   333 | D:1      | Found a faded altar of an unknown god.
   519 | D:1      | Reached XP level 3. HP: 33/36 MP: 2/2
   740 | D:2      | Found a snail-covered altar of Cheibriados.
   928 | D:2      | Became a worshipper of Cheibriados the Contemplative
  1240 | D:2      | Identified the ring of Dailia {rPois rN+ Will+ SInv}
  2243 | D:3      | Reached XP level 4. HP: 45/45 MP: 3/3
  2576 | D:4      | Gained mutation: You are frail. (-10% HP) [potion of
                  | mutation]
  2576 | D:4      | Gained mutation: You expend magic power (3 MP) to
                  | strengthen your wands. [potion of mutation]
  2576 | D:4      | Gained mutation: You possess an exceptional clarity of
                  | mind. [potion of mutation]
  2586 | D:4      | HP: 2/40 [gnoll/+0 club (8)]
  2589 | D:4      | Slain by a gnoll

Illustrated notes

Levels and vault maps discovered:
D:1:      eino_arrival_druids_welcome, layout_basic, basic_ecumenical_altar,
          hangedman_glass_teeth, minmay_pentomino_u4
D:2:      layout_basic, serial_aquarium, aquarium_bridge_long_separate
          [aquarium_subvault_window, aquarium_subvault_wall,
          aquarium_subvault_bridge, aquarium_subvault_bridge,
          aquarium_subvault_wall, aquarium_subvault_bridge], aquarium_window_1,
          aquarium_window_1, aquarium_window_corridor_2, aquarium_view_2d,
          aquarium_balcony_3a, basic_altar
D:3:      layout_basic
D:4:      layout_gridville, minmay_temple_entry_water_ring, serial_shops,
          shop_coins, serial_park_tiny_1, st_stairs_9

Skill      XL: |  1  2  3  4 |
---------------+-------------+-----
Fighting       | 3 |  3.0
Unarmed Combat | 3 |  3.2
Throwing       | |  0.6
Dodging        | |  2.7
Stealth        | |  0.1
Shields        | |  2.7
Spellcasting   | |  0.1
Invocations    | |  0.7

Action                   |  1- 3 |  4- 6 || total
-------------------------+-------+-------++-------
Melee: Unarmed           |   111 |    21 ||   132
       Punch             |     2 |       ||     2
  Use: Potion            |       |     3 ||     3
       Scroll            |       |     1 ||     1
 Stab: Sleeping          |     3 |       ||     3
Armor: Robe              |    33 |     4 ||    37
Dodge: Dodged            |    52 |    23 ||    75
Block: Kite shield       |     5 |       ||     5

Table legend: (Time is in decaauts)
 A = Elapsed time spent in this place.
 B = Non-inter-level travel time spent in this place.
 C = Inter-level travel time spent in this place.
 D = Time resting spent in this place.
 E = Time spent auto-exploring this place.
 F = Levels seen in this place.
 G = Mean time per level.
                   A        B        C        D        E       F      G
               +--------+--------+--------+--------+--------+-----+--------+
         Total |   3024 |   2896 |    128 |      0 |   2551 |   4 |  756.0 |
       Dungeon |   3024 |   2896 |    128 |      0 |   2551 |   4 |  756.0 |
               +--------+--------+--------+--------+--------+-----+--------+

Top non-repeatable levels by time:
     D:2: 1226 daAuts
     D:3: 1023 daAuts
     D:1: 734 daAuts
     D:4: 40 daAuts
